Map: Lerilak Crest

Players

Vancomycin - Winner!

  • Race: Zerg Zerg
  • League: Grandmaster

Javert

  • Race: Zerg Zerg
  • League: Grandmaster

VOD

Have the link to the VOD?

Description

Time

  • Played on: June 13, 2015, 10:12 p.m.
  • Length: 3:47
Show
View Real Time Build Order
Export as new Build Order

Vancomycin Zerg - Winner!

Build Orders: Pool Only 

Get SALT Encoding   

  12  0:07  Extractor  
  11  0:22  Spawning Pool  
  11  0:26  Drone  
  11  0:31  Drone  
  12  0:39  Drone  
  13  0:50  Overlord  
  13  1:09  Zergling x4  
  15  1:11  Zergling x2  
  16  1:22  Queen  
  18  1:28  Zergling x2  
  19  1:36  Zergling x2  
  20  1:44  Metabolic Boost  
  20  1:52  Zergling x2  
  21  1:57  Zergling x2  
  22  2:05  Overlord  
  22  2:23  Zergling x2  
  22  2:26  Zergling x2  
  24  2:33  Zergling x8  
  26  2:48  Zergling x2  
  26  2:49  Zergling x2  
  25  3:09  Zergling x2  
  25  3:10  Zergling x8  
  29  3:23  Overlord  
Show
View Real Time Build Order
Export as new Build Order

Javert Zerg 

Build Orders: Hatch First 

Get SALT Encoding   

  12  0:01  Drone  
  13  0:13  Overlord  
  13  0:19  Drone  
  14  0:32  Drone x2  
  16  0:53  Hatchery, Drone  
  16  0:58  Extractor  
  15  1:11  Spawning Pool  
  15  1:13  Drone  
  15  1:15  Drone  
  16  1:20  Drone  
  17  1:27  Drone  
  18  1:35  Drone  
  19  1:47  Overlord  
  19  2:02  Metabolic Boost  
  19  2:05  Queen  
  19  2:06  Queen  
  23  2:11  Zergling x4  
  23  2:14  Zergling x2  
  26  2:22  Zergling x4  
  25  2:55  Zergling x6  
  25  2:56  Zergling x6  
  27  3:04  Baneling Nest  
  26  3:09  Zergling x4  
  28  3:19  Drone  
Tags
 
Add a new tag
Caveats
  • Supply blocks, unpowered buildings, or Contaminate may cause inaccurate times.
  • Supply counts are checked every 10 seconds.